 Dungeon Crawl Stone Soup version 0.30-a0-459-g9104f0fc43 (webtiles) character file.

Game seed: 14738494529964766081

747 arthad the Ruffian (level 7, -23/70 HPs)
             Began as a Troll Warper on Dec 15, 2022.
             Annihilated by an ogre
             ... wielding a +0 giant club
              (27 damage)
             ... on level 4 of the Dungeon.
             The game lasted 00:06:56 (2665 turns).

arthad the Ruffian (Troll Warper)                   Turns: 2665, Time: 00:06:57

Health: -23/70     AC:  4    Str: 20 (22) XL:     7   Next: 48%
Magic:  9/9        EV: 10    Int:  9      God:
Gold:   143        SH:  0    Dex:  7 (9)  Spells: 8/10 levels left

rFire   + . .      SeeInvis .      - Unarmed
rCold   + + .      Faith    .    (no shield)
rNeg    . . .      Spirit   .    a - +0 robe
rPois   .          Reflect  .    (helmet restricted)
rElec   .          Harm     .    p - scarf {rC+ rF+}
rCorr   .          Rampage  .    (gloves unavailable)
Will    .....                    (boots unavailable)
Stlth   +.........               (no amulet)
HPRegen 1.11/turn                s - ring of protection from cold
MPRegen 0.11/turn                (no ring)

@: no status effects
A: large, unfitting armour, claws 3, regeneration 1, shaggy fur 1, tough skin 1
a: no special abilities


You were on level 4 of the Dungeon.
You visited 1 branch of the dungeon, and saw 5 of its levels.

You collected 143 gold pieces.

Inventory:

Hand Weapons
 w - a +0 dagger of venom
Missiles
 c - 7 boomerangs of dispersal (quivered)
 e - 4 javelins
 v - 9 boomerangs
Armour
 a - a +0 robe (worn)
 m - a +0 cloak
 p - a scarf of resistance (worn)
 u - the +1 leather armour of Classification {Dex+2}
   (You found it on level 3 of the Dungeon)

   Dex:       It affects your dexterity (+2).
Jewellery
 s - a ring of protection from cold (left claw)
Wands
 t - a wand of iceblast (9)
 y - a wand of acid (9)
Scrolls
 b - a scroll of blinking
 d - a scroll of noise {unknown}
 g - a scroll of fear {unknown}
 h - a scroll of acquirement {unknown}
 i - a scroll of torment {unknown}
 j - a scroll of enchant armour {unknown}
 l - a scroll of fog {unknown}
 q - a scroll of poison {unknown}
 r - 2 scrolls of enchant weapon {unknown}
Potions
 f - a potion of might {unknown}
 k - 4 potions of heal wounds {unknown}
 x - 5 potions of curing {unknown}


   Skills:
 * Level 4.0 Fighting
 - Level 0.8 Throwing
 + Level 3.1 Dodging
 * Level 4.8 Unarmed Combat
 + Level 2.3 Spellcasting
 + Level 3.2 Translocations


You had 8 spell levels left.
You knew the following spells:

 Your Spells              Type           Power      Damage    Failure   Level
a - Blink                 Tloc           12%        N/A       13%         2

Your spell library contained the following spells:

 Spells                   Type           Power      Damage    Failure   Level
 Lesser Beckoning         Tloc           12%        N/A       26%         3
 Teleport Other           Tloc           6%         N/A       26%         3
 Cigotuvi's Dreadful Rot  Necr/Pois/Air  2%         N/A       45%         2
 Ensorcelled Hibernation  Hex/Ice        2%         N/A       45%         2
 Passwall                 Tmut/Erth      0%         N/A       45%         2
 Poisonous Vapours        Pois/Air       2%         N/A       45%         2
 Vhi's Electric Charge    Tloc/Air       6%         N/A       45%         3
 Manifold Assault         Tloc           6%         N/A       65%         4
 Mephitic Cloud           Conj/Pois/Air  1%         N/A       69%         3
 Swiftness                Air            1%         N/A       69%         3
 Summon Ice Beast         Ice/Summ       1%         N/A       97%         4
 Summon Forest            Summ/Tloc      1%         N/A       99%         5
 Malign Gateway           Summ/Tloc      1%         N/A       100%        7


Dungeon Overview and Level Annotations

Branches:
Dungeon (5/15)
 Temple: D:4-7

Altars:
Cheibriados
Fedhas
Gozag
Qazlal

Shops:
D:2 ?

Annotations:
D:5 Sigmund


Innate Abilities, Weirdness & Mutations

You are too large for most types of armour.
You have claws for hands.
Your natural rate of healing is unusually fast.
You are covered in fur. (AC +1)
You have tough skin. (AC +1)


Message History

The orc attacks as you move away! The orc hits you but does no damage.
You scratch the orc but do no damage. The orc hits you with a +0 hand axe.
You barely miss the orc. You claw the orc.
The orc is lightly wounded.
The orc barely misses you.
You scratch the orc.
The orc is heavily wounded.
The orc barely misses you.
You closely miss the orc.
The orc is heavily wounded.
The orc barely misses you.
You barely miss the orc.
The orc is heavily wounded.
The orc hits you with a +0 hand axe.
You scratch the orc.
The orc is almost dead.
You closely miss the orc.
The orc is almost dead.
The orc hits you but does no damage.
You barely miss the orc. You claw the orc.
You kill the orc!
You claw the ogre!
The ogre is moderately wounded.
The ogre hits you with a +0 giant club!!
You scratch the ogre.
The ogre is moderately wounded.
You scratch the ogre but do no damage.
The ogre is moderately wounded.
The ogre hits you with a +0 giant club!!
* * * LOW HITPOINT WARNING * * *
You scratch the ogre.
The ogre is heavily wounded.
You claw the ogre!
The ogre is almost dead.
The ogre hits you with a +0 giant club!
* * * LOW HITPOINT WARNING * * *
You barely miss the ogre.
The ogre is almost dead.
The ogre hits you with a +0 giant club!!
You die...

.#.# ###.# #.##.........[ >#.##
#_'.# #.######.####. ..#.# #####
#.# ##.####. ##.## #.######.#
#....... #.# #.##.....# #..####.
#.# #.##.##### #..####. #.#
#.##.# #....... #.#
########.##.# #.<..#.# #.#
#.....##.##@# ##.#..## #.#
#.###.##.##O# #...... ##.###.#
#.....#.### ###..##
.......###.##......# #.#.#
....).)....##..###.### #.##.
##.##)#######..# #.).# ###.###
#......# #..###.#># #.....#
#......#####...[..#.######.....#
#........................)......


You could see an ogre.

Vanquished Creatures
  Duvessa (D:4)
  An ice beast (D:4)
  An ogre (D:4)
  A necrophage (D:4)
  A scorpion (D:4)
  Dowan (D:4)
  An orc priest (D:3)
  A gnoll bouda (D:4)
  An orc wizard (D:4)
  Ijyb (D:3)
  9 gnolls
  3 adders
  2 worms (D:2)
  2 dart slugs
  10 orcs
  6 ball pythons
  3 bats
  5 endoplasms
  5 goblins
  5 hobgoblins
  6 jackals
  3 quokkas
  A frilled lizard (D:2)
  4 kobolds
  5 rats
79 creatures vanquished.

Notes
Turn   | Place    | Note
-------+----------+-------------------------------------------
     0 | D:1      | arthad the Troll Warper began the quest for the Orb.
     0 | D:1      | Reached XP level 1. HP: 19/19 MP: 1/1
   157 | D:1      | Reached XP level 2. HP: 15/28 MP: 3/3
   375 | D:1      | Reached XP level 3. HP: 35/35 MP: 4/4
   393 | D:1      | Learned a level 2 spell: Blink
   531 | D:2      | Got the Precepts of the Twisted Snowflakes
   648 | D:2      | Found Xoptehyl's Magic Scroll Boutique.
   858 | D:2      | Reached XP level 4. HP: 38/44 MP: 5/5
  1066 | D:3      | Found an opulent altar of Gozag.
  1108 | D:3      | Found a blossoming altar of Fedhas.
  1189 | D:3      | Noticed Ijyb
  1198 | D:3      | Killed Ijyb
  1316 | D:3      | Identified the +1 leather armour of Classification {Dex+2}
  1437 | D:3      | Reached XP level 5. HP: 38/50 MP: 6/6
  1917 | D:4      | Reached XP level 6. HP: 60/61 MP: 6/8
  2039 | D:4      | Noticed an ice beast
  2052 | D:4      | Killed an ice beast
  2059 | D:4      | Reached XP level 7. HP: 53/67 MP: 9/9
  2204 | D:4      | Found a stormy altar of Qazlal.
  2239 | D:4      | Noticed Dowan
  2240 | D:4      | Noticed Duvessa
  2254 | D:4      | Killed Duvessa
  2260 | D:4      | Killed Dowan
  2350 | D:4      | Found a snail-covered altar of Cheibriados.
  2620 | D:5      | Entered Level 5 of the Dungeon
  2620 | D:5      | Noticed Sigmund
  2664 | D:4      | HP: 3/70 [ogre/+0 giant club (10)]
  2665 | D:4      | Annihilated by an ogre

Illustrated notes

Levels and vault maps discovered:
D:1:      lemuel_arrival_cross, layout_rooms
D:2:      layout_basic, serial_shops, nicolae_shop_advertising_works
          [nicolae_subvault_shop_adworks], chequers_serial_rivers_small_a,
          hangedman_abyss_or_decor_lesser_grid
D:3:      cheibrodos_pilgrimage, layout_rooms,
          mainiacjoe_overflow_catch_the_wave, minmay_misc_feat_four_crosses,
          uniq_ijyb
D:4:      layout_loops_ring, mainiacjoe_overflow_six_doors_small,
          kennysheep_mini, supply_closet_lemuel, uniq_duvessa
D:5:      layout_basic, serial_rivers, chequers_serial_rivers_small_a,
          chequers_serial_rivers_marsh, chequers_serial_rivers_micro_e,
          chequers_serial_rivers_room_a, minmay_divided_ellipse, uniq_sigmund

Skill      XL: |  1  2  3  4  5  6  7 |
---------------+----------------------+-----
Dodging        | 2 3 |  3.1
Fighting       | 2 3 4 |  4.0
Unarmed Combat | 3 4 |  4.8
Spellcasting   | 2 |  2.3
Translocations | 3 |  3.2
Throwing       | |  0.8

Action                   |  1- 3 |  4- 6 |  7- 9 || total
-------------------------+-------+-------+-------++-------
Melee: Unarmed           |    77 |   129 |    40 ||   246
       Punch             |     1 |     2 |     5 ||     8
Throw: Javelin           |       |     2 |     1 ||     3
Evoke: Wand              |       |       |     2 ||     2
  Use: Potion            |       |       |     4 ||     4
Armor: Robe              |    21 |    30 |     6 ||    57
       Skin              |       |       |     6 ||     6
Dodge: Dodged            |    31 |    80 |    16 ||   127

Table legend: (Time is in decaauts)
 A = Elapsed time spent in this place.
 B = Non-inter-level travel time spent in this place.
 C = Inter-level travel time spent in this place.
 D = Time resting spent in this place.
 E = Time spent auto-exploring this place.
 F = Levels seen in this place.
 G = Mean time per level.
                   A        B        C        D        E       F      G
               +--------+--------+--------+--------+--------+-----+--------+
         Total |   2652 |   2547 |    105 |     75 |   1859 |   5 |  530.4 |
       Dungeon |   2652 |   2547 |    105 |     75 |   1859 |   5 |  530.4 |
               +--------+--------+--------+--------+--------+-----+--------+

Top non-repeatable levels by time:
     D:4: 995 daAuts
     D:3: 601 daAuts
     D:2: 561 daAuts
     D:1: 485 daAuts
     D:5: 7 daAuts
